 Dungeon Crawl Stone Soup version 0.29.1-13-g9f3cf754e1 (webtiles) character file.

Game seed: 3416950696147363331

405 RapScallion the Chopper (level 6, -2/53 HPs)
             Began as a Hill Orc Fighter on Jan 20, 2023.
             Slain by a kobold brigand
             ... wielding a +0 halberd
              (5 damage)
             ... on level 3 of the Dungeon.
             The game lasted 00:12:05 (3397 turns).

RapScallion the Chopper (Hill Orc Fighter)          Turns: 3397, Time: 00:12:06

Health: -2/53      AC:  7    Str: 21    XL:     6   Next: 87%
Magic:  6/6        EV:  9    Int: 14    God:
Gold:   144        SH:  4    Dex: 10    Spells: 5/5 levels left

rFire   . . .      SeeInvis .   a - +0 war axe
rCold   . . .      Faith    .   c - +0 buckler
rNeg    . . .      Spirit   .   b - +0 scale mail
rPois   .          Reflect  .   (no helmet)
rElec   .          Harm     .   (no cloak)
rCorr   .          Rampage  .   (no gloves)
Will    +....                   (no boots)
Stlth   ..........              (no amulet)
HPRegen 0.17/turn               f - +6 ring of intelligence
MPRegen 0.10/turn               l - ring of willpower

@: lethally poisoned (-2 -> -4)
A: no striking features
a: no special abilities


You were on level 3 of the Dungeon.
You visited 1 branch of the dungeon, and saw 4 of its levels.

You collected 144 gold pieces.

Inventory:

Hand Weapons
 a - a +0 war axe (weapon)
Armour
 b - a +0 scale mail (worn)
 c - a +0 buckler (worn)
Jewellery
 f - a +6 ring of intelligence (left hand)
 l - a ring of willpower (right hand)
Scrolls
 e - a scroll of amnesia {unknown}
 h - 2 scrolls of teleportation {unknown}
 i - a scroll of butterflies {unknown}
Potions
 d - a potion of might
 g - a potion of brilliance {unknown}
 j - 2 potions of cancellation {unknown}
 k - a potion of flight {unknown}
 m - a potion of curing {unknown}


   Skills:
 + Level 4.7 Fighting
 + Level 6.7 Axes
 - Level 5.0 Armour
 - Level 0.3 Dodging
 + Level 4.1 Shields


You had 5 spell levels left.
You didn't know any spells.
Your spell library contained the following spells:

 Spells                   Type           Power      Damage    Failure   Level
 Magic Dart               Conj           0%         1d3       69%         1
 Call Imp                 Summ           0%         N/A       83%         2
 Mephitic Cloud           Conj/Pois/Air  0%         N/A       96%         3


Dungeon Overview and Level Annotations

Branches:
Dungeon (4/15)
 Temple: D:4-7

Altars:
Ru

Shops:
D:3 ?

Annotations:
D:3 3 runed translucent doors, Dvallin's ghost, amateur KoDe


Message History

You see here an iguana corpse.
You start resting.
HP restored.
There is a stone staircase leading down, spattered with blood here.
There is an open door here.
Found a +0 short sword.
The kobold brigand shouts!
There is an open door here.
The kobold brigand throws a poisoned dart.
The poisoned dart hits you.
You are poisoned.
You feel sick.
The kobold brigand throws a poisoned dart.
The poisoned dart hits you!
You are more poisoned.
You feel very sick.
The kobold brigand hits you with a +0 halberd!
You closely miss the kobold brigand.
You feel very sick.
The kobold brigand hits you with a +0 halberd!
You barely miss the kobold brigand.
You feel sick. The kobold brigand barely misses you.
You barely miss the kobold brigand.
You feel sick.
The kobold brigand hits you with a +0 halberd.
You slash the kobold brigand!
The kobold brigand is moderately wounded.
You feel sick. The kobold brigand barely misses you.
The kobold brigand hits you with a +0 halberd!
* * * LOW HITPOINT WARNING * * *
You completely miss the kobold brigand.
The kobold brigand is moderately wounded.
You feel sick.
The kobold brigand hits you with a +0 halberd.
* * * LOW HITPOINT WARNING * * *
You slash the kobold brigand!
The kobold brigand is almost dead.
* * * LOW HITPOINT WARNING * * *
You feel sick.
The kobold brigand hits you with a +0 halberd.
You die...

#.# #.# ###
###'## .. ###
#....##.##....
#.....#....#####
#.......# #)..#
#.....### #...#
#....## #.K.#
#....+ #.@.#
####.## #...#
#..### #...#
##...####...# #..
###....##'##.....
####.......#
#########


You could see a kobold brigand.

Vanquished Creatures
  An ogre (D:4)
  2 hounds
  An iguana (D:3)
  Natasha (twice) (D:3 D:4)
  An orc wizard (D:3)
  A gnoll (D:1)
  6 adders
  An ufetubus (D:4)
  2 worms
  2 dart slugs
  7 orcs
  9 ball pythons
  4 bats
  4 endoplasms (D:1)
  4 giant cockroaches
  6 hobgoblins
  3 jackals (D:1)
  4 quokkas
  2 frilled lizards (D:1)
  5 goblins
  8 kobolds
  5 rats
80 creatures vanquished.

Notes
Turn   | Place    | Note
-------+----------+-------------------------------------------
     0 | D:1      | RapScallion the Hill Orc Fighter began the quest for the
                  | Orb.
     0 | D:1      | Reached XP level 1. HP: 19/19 MP: 1/1
   158 | D:1      | Reached XP level 2. HP: 27/27 MP: 2/2
   341 | D:1      | Reached skill level 3 in Axes
   344 | D:1      | Reached XP level 3. HP: 26/33 MP: 3/3
   484 | D:1      | Found a faded altar of an unknown god.
  1035 | D:2      | Reached skill level 4 in Axes
  1035 | D:2      | Reached XP level 4. HP: 38/40 MP: 4/4
  2155 | D:3      | Reached XP level 5. HP: 42/46 MP: 5/5
  2159 | D:3      | Noticed Natasha
  2178 | D:3      | Killed Natasha
  2179 | D:3      | Reached skill level 5 in Axes
  2538 | D:3      | Found Gimab's Magic Scroll Shoppe.
  2680 | D:3      | Noticed Dvallin's ghost (amateur KoDe)
  2681 | D:3      | Found a runed translucent gate.
  2681 | D:3      | Noticed a centaur
  2682 | D:3      | Found a runed translucent gate.
  2682 | D:3      | Found a runed translucent gate.
  2779 | D:3      | Noticed a kobold brigand
  2779 | D:3      | Noticed Natasha
  2779 | D:3      | Noticed an ogre
  2814 | D:3      | Reached XP level 6. HP: 46/53 MP: 6/6
  2851 | D:4      | Found a sacrificial altar of Ru.
  2908 | D:4      | Reached skill level 6 in Axes
  3101 | D:4      | Killed Natasha
  3107 | D:3      | Reached skill level 5 in Armour
  3397 | D:3      | Slain by a kobold brigand

Illustrated notes

Levels and vault maps discovered:
D:1:      onia_arrival_mini_spirals, layout_basic,
          shapermc_ecumenical_altar_starsandcircs, minmay_misc_feat_nine_boxes,
          minmay_tiny_reverse_x
D:2:      layout_loops_ring, serial_glass, glass_columns_a, glass_columns_a,
          grunt_ministairs_2
D:3:      layout_basic, gammafunk_ghost_split, serial_shops,
          nicolae_lakefront_shop, minmay_divided_ellipse, uniq_natasha
D:4:      layout_basic, mainiacjoe_overflow_concentric_impassable

Skill      XL: |  1  2  3  4  5  6 |
---------------+-------------------+-----
Axes           | 3 4 5 6 |  6.7
Fighting       | 4 |  4.7
Armour         | 4 5 |  5.0
Shields        | 4 |  4.1
Dodging        | |  0.3

Action                   |  1- 3 |  4- 6 || total
-------------------------+-------+-------++-------
Melee: War axe           |   109 |   160 ||   269
Armor: Scale mail        |    54 |    66 ||   120
Dodge: Dodged            |    67 |    98 ||   165
Block: Buckler           |    30 |    38 ||    68
